 Dungeon Crawl Stone Soup version 0.22-a0-271-gc000056 (webtiles) character file.

5296 matakusis the Summoner (level 10, -24/45 HPs)
             Began as a Deep Elf Summoner on Mar 11, 2018.
             Was a Believer of Hepliaklqana.
             Killed from afar by a wizard (52 damage)
             ... with a crystal spear
             ... on level 10 of the Dungeon.
             The game lasted 00:57:27 (9911 turns).

matakusis the Summoner (Deep Elf Summoner)          Turns: 9911, Time: 00:57:28

Health: -24/45     AC:  4    Str:  5    XL:     10   Next: 37%
Magic:  18/27      EV: 12    Int: 29    God:    Hepliaklqana [**....]
Gold:   713        SH:  0    Dex: 15    Spells: 20/31 levels left

rFire    + . .     SeeInvis .   G - +9 staff of Olgreb {rPois}
rCold    + . .     Gourm    +   (no shield)
rNeg     . . .     Faith    .   o - +1 leather armour {rC+}
rPois    ∞         Spirit   .   (no helmet)
rElec    +         Reflect  .   (no cloak)
rCorr    .         Harm     .   (no gloves)
MR       +....                  (no boots)
Stlth    ++........             y - amulet "Xeuraag" {Gourm rElec rF+}
HPRegen  0.15/turn              l - +5 ring of intelligence
MPRegen  0.20/turn              j - ring of wizardry

@: no status effects
A: reduced essence
a: Recall Ancestor, Ancestor Identity, Renounce Religion


You were on level 10 of the Dungeon.
You worshipped Hepliaklqana.
Hepliaklqana was pleased with you.
You were completely stuffed.

You visited 2 branches of the dungeon, and saw 11 of its levels.
You also visited: Sewer.

You collected 713 gold pieces.

Inventory:

Hand Weapons
 G - the +9 staff of Olgreb (weapon) {rPois}
   (You found it on level 8 of the Dungeon)

   It protects you from poison.
Missiles
 g - 126 arrows
Armour
 o - a +1 leather armour of cold resistance (worn)
Magical Staves
 H - an uncursed staff of fire
Jewellery
 f - an uncursed ring of ice
 j - a ring of wizardry (right hand)
 l - a +5 ring of intelligence (left hand)
 w - an uncursed amulet of the acrobat {unknown}
 y - the amulet "Xeuraag" (around neck) {Gourm rElec rF+}
   (You found it on level 4 of the Dungeon)

   [amulet of the gourmand]

   It allows you to eat raw meat even when not hungry.
   It protects you from fire.
   It insulates you from electricity.
Wands
 a - a wand of polymorph (32)
 n - a wand of disintegration (10)
 D - a wand of enslavement (12)
Scrolls
 h - 3 scrolls of amnesia
 i - 4 scrolls of remove curse
 m - 3 scrolls of enchant armour
 v - 3 scrolls of enchant weapon
 x - 6 scrolls of teleportation
Potions
 b - 2 potions of lignification
 d - 2 potions of brilliance
 e - a potion of cancellation
 k - 2 potions of might
 p - a potion of flight
 q - 4 potions of curing
 r - a potion of heal wounds
 s - 5 potions of agility
 t - 2 potions of haste
 u - 3 potions of ambrosia
 z - a potion of degeneration {unknown}
 E - a potion of resistance
Comestibles
 c - 26 rations


   Skills:
 - Level 2.4 Dodging
 - Level 2.4 Stealth
 + Level 11.4 Spellcasting
 * Level 13.0 Summonings
 + Level 5.7 Ice Magic
 - Level 1.0 Air Magic


You had 20 spell levels left.
You knew the following spells:

 Your Spells              Type           Power        Failure   Level  Hunger
a - Summon Small Mammal   Summ           ####         1%          1    None
b - Call Imp              Summ           #######.     1%          2    None
c - Summon Ice Beast      Ice/Summ       ######..     1%          4    None
d - Summon Lightning Spi  Summ/Air       ######..     1%          4    None


Dungeon Overview and Level Annotations

Branches:
Dungeon (10/15)            Temple (1/1) D:7            Lair (0/6) D:9
    Orc: D:9-12

Altars:
Ashenzari
Cheibriados
Dithmenos
Elyvilon
Fedhas
Gozag
Hepliaklqana
Kikubaaqudgha
Makhleb
Nemelex Xobeh
Okawaru
Qazlal
Ru
Sif Muna
Trog
Uskayaw
Vehumet
Wu Jian
Xom
Yredelemnul
Zin
The Shining One

Shops:
D:5 *


Message History

A deep elf mage comes into view. It is wielding a rapier.
Found an antique book.
Casting: Summon Lightning Spire (safe; 1% risk of failure)
Confirm with . or Enter, or press ? or * to list all spells.
Aiming: Summon Lightning Spire (safe; 1% risk of failure)
Press: ? - help, Dir - move target cursor An electric hum fills the air.
Your lightning spire disappears in a puff of smoke!
A wizard comes into view. It is wielding a dagger.
The wizard shouts!
Found a ration.
Casting: Summon Lightning Spire (safe; 1% risk of failure)
Confirm with . or Enter, or press ? or * to list all spells.
A chill wind blows around you.
The deep elf mage falls through a shaft!
The shaft crumbles and collapses.
The wizard gestures at you while chanting.
The crystal spear hits you!
Ouch! That really hurt!
You die...

#...... ##.....##
#...... ##......:##
#......
#+#....^....##.
+...... .....§<......
#...... #....^....#
#...... #%...Y..#
#..)... #.8..p#
######' ###@# #....
###..R#### ####'###
#........######.......
#........'....'.......
#......).######.......
#........# #...<...
+........# #.......
#........# #.......
####+##### ##'#####


You could see the friendly Paullus the hexer, a wizard, a friendly ice beast and
a friendly lightning spire.

Vanquished Creatures
  A sky beast (D:10)
  A crimson imp (D:9)
  A hexer (D:9)
  A jackal (D:1)
  A frilled lizard (D:4)
  A kobold (Sewer)
6 creatures vanquished.

Vanquished Creatures (collateral kills)
  3 two-headed ogres
  A gargoyle (D:9)
  A komodo dragon (D:9)
  Prince Ribbit (D:6)
  A hippogriff (D:7)
  A spriggan (D:8)
  6 yaks (D:9)
  Edmund (D:6)
  2 soldier ants (D:8)
  3 water moccasins (D:8)
  2 orc warriors (D:9)
  4 sky beasts
  2 phantoms
  3 ice beasts
  3 centaurs
  5 ogres
  A big kobold (Sewer)
  3 bullfrogs
  A water moccasin zombie (D:9)
  A wyvern skeleton (D:10)
  3 scorpions
  A water moccasin skeleton (D:7)
  16 killer bees
  3 wights (D:6)
  8 howler monkeys
  4 crimson imps
  2 bullfrog zombies
  7 hounds
  4 orc priests
  2 jellies
  4 orc wizards
  A bullfrog skeleton (D:8)
  3 centaur skeletons
  Ijyb (D:4)
  8 worker ants
  A hound zombie (D:7)
  A hound skeleton (D:8)
  2 worker ant zombies
  6 gnolls (D:7)
  14 adders
  5 river rats
  An ooze (D:6)
  An adder zombie (D:5)
  2 worms
  3 dart slugs
  5 leopard geckos
  39 orcs
  7 bats
  6 giant cockroaches
  16 goblins
  7 hobgoblins
  18 jackals
  7 kobolds
  6 quokkas
  2 ball pythons (D:2)
  8 frilled lizards
  A quokka skeleton (D:4)
  9 rats
279 creatures vanquished.

Vanquished Creatures (others)
  2 hexers
  9 plants (D:9)
11 creatures vanquished.

Grand Total: 296 creatures vanquished

Notes
Turn   | Place    | Note
-------+----------+-------------------------------------------
     0 | D:1      | matakusis the Deep Elf Summoner began the quest for the Orb.
     0 | D:1      | Reached XP level 1. HP: 10/10 MP: 6/6
   336 | D:1      | Reached XP level 2. HP: 15/15 MP: 5/8
   340 | D:1      | Learned a level 2 spell: Call Imp
   482 | D:1      | Reached skill level 5 in Summonings
   783 | D:2      | Found a faded altar of an unknown god.
   867 | D:2      | Reached XP level 3. HP: 19/19 MP: 8/10
   996 | D:2      | Reached XP level 4. HP: 4/24 MP: 9/12
  1181 | D:2      | Learned a level 4 spell: Summon Ice Beast
  1186 | D:2      | Learned a level 4 spell: Summon Lightning Spire
  1439 | D:2      | Found a hide-covered altar of Uskayaw.
  1810 | D:2      | Found a glowing silver altar of Zin.
  1811 | D:2      | Noticed an angel
  1815 | D:2      | Found a shimmering altar of Xom.
  2070 | D:3      | Reached skill level 6 in Summonings
  2131 | D:3      | Reached XP level 5. HP: 24/28 MP: 5/13
  2317 | D:3      | Found a glowing drain.
  2339 | Sewer    | Entered a sewer
  2495 | Sewer    | Reached skill level 5 in Spellcasting
  2495 | Sewer    | Reached skill level 1 in Ice Magic
  2528 | Sewer    | Found a glowing silver altar of Zin.
  3414 | D:4      | Noticed Ijyb
  3423 | D:4      | Killed Ijyb
  3691 | D:4      | Reached XP level 6. HP: 32/32 MP: 10/15
  3698 | D:4      | Reached skill level 1 in Air Magic
  3740 | D:4      | Got a shimmering sapphire amulet
  3742 | D:4      | Identified the amulet "Xeuraag" {Gourm rElec rF+} (You found it on level 4 of the Dungeon)
  3943 | D:4      | Found a snail-covered altar of Cheibriados.
  4329 | D:5      | Entered Level 5 of the Dungeon
  4345 | D:5      | Noticed a sky beast
  4352 | D:5      | Killed a sky beast
  4352 | D:5      | Reached skill level 7 in Summonings
  4466 | D:5      | Found Ubrualois's General Store.
  4602 | D:5      | Found a sacrificial altar of Ru.
  4620 | D:5      | Found a hazy altar of Hepliaklqana.
  4623 | D:5      | Became a worshipper of Hepliaklqana the Forgotten
  4684 | D:5      | You fall through a shaft for 2 floors!
  4718 | D:7      | Noticed a sky beast
  4731 | D:7      | Killed a sky beast
  4731 | D:7      | Reached XP level 7. HP: 30/32 MP: 2/18
  4985 | D:7      | Found a stormy altar of Qazlal.
  4985 | D:7      | Found an opulent altar of Gozag.
  5315 | D:5      | Reached skill level 8 in Summonings
  5406 | D:6      | Noticed Edmund
  5421 | D:6      | Killed Edmund
  5464 | D:6      | Reached * piety under Hepliaklqana
  5736 | D:6      | Noticed Prince Ribbit
  5753 | D:6      | Killed Prince Ribbit
  5935 | D:6      | Reached XP level 8. HP: 36/36 MP: 16/21
  6098 | D:7      | Noticed a hippogriff
  6106 | D:7      | Killed a hippogriff
  6106 | D:7      | Reached skill level 9 in Summonings
  6172 | D:7      | Found a shadowy altar of Dithmenos.
  6513 | D:7      | Found a staircase to the Ecumenical Temple.
  6522 | Temple   | Entered the Ecumenical Temple
  6885 | D:8      | Reached ** piety under Hepliaklqana
  6886 | D:8      | Remembered your ancestor Paullus as a hexer
  6979 | D:8      | Found a runed gate.
  6981 | D:8      | Found a runed gate.
  6981 | D:8      | Found a runed gate.
  6989 | D:8      | Found a runed door.
  6999 | D:8      | Found the +9 staff of Olgreb {rPois}
  7002 | D:8      | Found a runed door.
  7108 | D:8      | Reached skill level 10 in Summonings
  7669 | D:8      | Noticed a two-headed ogre
  7685 | D:8      | Killed a two-headed ogre
  7685 | D:8      | Reached XP level 9. HP: 33/40 MP: 5/24
  8012 | D:8      | Reached skill level 11 in Summonings
  8271 | D:9      | Noticed a gargoyle
  8280 | D:8      | Reached skill level 5 in Ice Magic
  8421 | D:9      | Killed a gargoyle
  8421 | D:9      | Reached skill level 10 in Spellcasting
  8658 | D:9      | Noticed a two-headed ogre
  8666 | D:9      | Killed a two-headed ogre
  8666 | D:9      | Reached skill level 12 in Summonings
  8787 | D:9      | Reached XP level 10. HP: 38/45 MP: 19/26
  8852 | D:9      | Found a sparkling altar of Nemelex Xobeh.
  9104 | D:9      | Found a staircase to the Lair.
  9519 | D:10     | Entered Level 10 of the Dungeon
  9733 | D:10     | Noticed a two-headed ogre
  9752 | D:10     | Killed a two-headed ogre
  9752 | D:10     | Reached skill level 13 in Summonings
  9908 | D:10     | Noticed a deep elf mage
  9910 | D:10     | Noticed a wizard
  9911 | D:10     | Killed from afar by a wizard

Vault maps used:
D:1:      ncdulo_smallfort
D:2:      grunt_temple_overflow_order_and_chaos_1, old_standard_altar,
          chequers_ecumenical_altar_simple
D:3:      corexii_shack_village, portal_sewer_entry_b
D:4:      kennysheep_goblin_castle, marbit_many_paths, first_ration
D:5:      overflow_temple_1_default, lemuel_doored_altar, serial_shops, shop
D:6:      uniq_prince_ribbit1, uniq_edmund
D:7:      lemuel_coloured_pillars_altar, gammafunk_temple_overflow_statue,
          lemuel_temple_firewalk_b
D:8:      the_bakery, serial_bayou_pond_d, minmay_guarded_unrand_staff_of_olgreb
D:9:      david_lair_shrubbed, nemelex_spade_bored_becter
D:10:     bh_hangedman_babel_library
Temple:   nicolae_temple_god_jail
Sewer:    sewer_kobolds

Skill      XL: |  1  2  3  4  5  6  7  8  9 10 |
---------------+-------------------------------+-----
Summonings     | 5 6 7 8 10 12 13 | 13.0
Spellcasting   | 4 5 6 7 9 10 11 | 11.4
Ice Magic      | 1 2 3 4 5 |  5.7
Air Magic      | 1 |  1.0
Dodging        | |  2.4
Stealth        | |  2.4

Action                   |  1- 3 |  4- 6 |  7- 9 | 10-12 || total
-------------------------+-------+-------+-------+-------++-------
Melee: Unarmed           |    10 |    21 |       |       ||    31
       Staff             |       |       |     1 |    10 ||    11
 Cast: Summon Small Mamm |    25 |       |     1 |     1 ||    27
       Call Imp          |    24 |       |       |       ||    24
       Summon Lightning  |       |    24 |    48 |    24 ||    96
       Summon Ice Beast  |       |    35 |    48 |    10 ||    93
Invok: Recall Ancestor   |       |     1 |     3 |       ||     4
       Ancestor Life: He |       |       |     1 |       ||     1
  Use: Scroll            |     4 |    13 |     2 |     5 ||    24
       Potion            |       |     1 |       |       ||     1
  Eat: Chunk             |     1 |    22 |    20 |     4 ||    47
Armor: Robe              |     2 |     8 |       |       ||    10
       Leather armour    |       |     2 |     5 |     4 ||    11
Dodge: Dodged            |    21 |    46 |    31 |     6 ||   104

Table legend:
 A = Spawn XP
 B = Non-spawn XP
 C = Spawn XP percentage of total XP
 D = Spawn monster count
 E = Non-spawn monster count
 F = Spawn count percentage of total count
 G = Total turns spent on level
                    A         B        C        D         E        F      G
               +---------+---------+-------+---------+---------+-------+---------
         Total |       0 |    7567 |   0.0 |       0 |     284 |   0.0 |  9911
               +---------+---------+-------+---------+---------+-------+---------
           D:1 |       0 |      29 |   0.0 |       0 |      26 |   0.0 |   763
           D:2 |       0 |     102 |   0.0 |       0 |      30 |   0.0 |  1287
           D:3 |       0 |     129 |   0.0 |       0 |      39 |   0.0 |   907
           D:4 |       0 |      77 |   0.0 |       0 |      26 |   0.0 |  1117
           D:5 |       0 |     282 |   0.0 |       0 |      14 |   0.0 |   549
           D:6 |       0 |     528 |   0.0 |       0 |      15 |   0.0 |   736
           D:7 |       0 |     652 |   0.0 |       0 |      24 |   0.0 |  1140
           D:8 |       0 |    2186 |   0.0 |       0 |      44 |   0.0 |  1520
           D:9 |       0 |    2522 |   0.0 |       0 |      36 |   0.0 |  1197
          D:10 |       0 |     977 |   0.0 |       0 |      18 |   0.0 |   392
         Sewer |       0 |      83 |   0.0 |       0 |      12 |   0.0 |   255
               +---------+---------+-------+---------+---------+-------+---------
